TOP OF THE 1ST |
Atlanta Braves batting - Pitching for San Francisco Giants : LHP Tim Costello
|
Pitching: LHP Tim Costello
|
|
Batting: RHB Gil Flores
|
0-0: Ball 1-0: Ground out U3 (Groundball, 3L, EV 90.6 MPH)
|
Batting: LHB Joe L Morgan
|
0-0: Ball 1-0: Ball 2-0: Ball 3-0: Called Strike 3-1: Foul Ball, location: 2F 3-2: Ground out 6-3 (Groundball, 6, EV 106.9 MPH)
|
Batting: SHB Tony Fernandez
|
0-0: Swinging Strike 0-1: Swinging Strike 0-2: Ball 1-2: Ground out U3 (Groundball, 13, EV 92.5 MPH)
|
Top of the 1st over - 0 runs, 0 hits, 0 errors, 0 left on base; Atlanta 0 - San Francisco 0 |
BOTTOM OF THE 1ST |
San Francisco Giants batting - Pitching for Atlanta Braves : RHP Dick Drago
|
Pitching: RHP Dick Drago
|
|
Batting: SHB Larry Reynolds
|
0-0: Ground out U3 (Groundball, 3L, EV 86.3 MPH)
|
Batting: LHB Ken Griffey Sr
|
0-0: Ball 1-0: Ball 2-0: Fly out, F9 (Flyball, 9LM, EV 80.0 MPH)
|
Batting: LHB Keith Hernandez
|
0-0: Ball 1-0: Ball 2-0: Foul Ball, location: 2F 2-1: Fly out, F8 (Line Drive, 8LD, EV 93.1 MPH)
|
Bottom of the 1st over - 0 runs, 0 hits, 0 errors, 0 left on base; Atlanta 0 - San Francisco 0 |
TOP OF THE 2ND |
Atlanta Braves batting - Pitching for San Francisco Giants : LHP Tim Costello
|
Batting: LHB Karl Pagel
|
0-0: Ball 1-0: Swinging Strike 1-1: Foul Ball, location: 2F 1-2: Ball 2-2: Foul Ball, location: 2F 2-2: Foul Ball, location: 2F 2-2: Foul Ball, location: 2F 2-2: Foul Ball, location: 2F 2-2: Strikes out swinging
|
Batting: LHB Mike Scioscia
|
0-0: Called Strike 0-1: Fly out, F5 (Popup, 5SF, EV 76.9 MPH)
|
Batting: RHB Craig Kusick
|
0-0: Ball 1-0: Foul Ball, location: 2F 1-1: Ball 2-1: Ball 3-1: Base on Balls
|
Batting: LHB Mike Hargrove
|
0-0: Called Strike 0-1: Ball 1-1: Fly out, F7 (Flyball, 78D, EV 85.6 MPH)
|
Top of the 2nd over - 0 runs, 0 hits, 0 errors, 1 left on base; Atlanta 0 - San Francisco 0 |
BOTTOM OF THE 2ND |
San Francisco Giants batting - Pitching for Atlanta Braves : RHP Dick Drago
|
Batting: RHB Phil Bailey
|
0-0: Called Strike 0-1: Ball 1-1: Fly out, F8 (Line Drive, 8RD, EV 97.5 MPH)
|
Batting: RHB Don Slaught
|
0-0: SOLO HOME RUN (Flyball, 7D, EV 109.4 MPH), Distance : 370 ft
|
Batting: RHB Kevin Howard
|
0-0: Fly out, F8 (Line Drive, 8LD, EV 99.4 MPH)
|
Batting: SHB Tyler O'Dell
|
0-0: Called Strike 0-1: Ball 1-1: Called Strike 1-2: DOUBLE (Line Drive, 7LS, EV 111.3 MPH)
|
Batting: SHB Larry Milbourne
|
0-0: Intentional Walk
|
Batting: LHB Tim Costello
|
0-0: Called Strike 0-1: Ball 1-1: Swinging Strike 1-2: Strikes out looking
|
Bottom of the 2nd over - 1 run, 2 hits, 0 errors, 2 left on base; Atlanta 0 - San Francisco 1 |
TOP OF THE 3RD |
Atlanta Braves batting - Pitching for San Francisco Giants : LHP Tim Costello
|
Batting: LHB Brent Hillenga
|
0-0: Called Strike 0-1: Ball 1-1: Ball 2-1: SOLO HOME RUN (Flyball, 7D, EV 103.8 MPH), Distance : 380 ft
|
Batting: RHB Dick Drago
|
0-0: Ball 1-0: Called Strike 1-1: Foul Ball, location: 2F 1-2: Foul Ball, location: 2F 1-2: Strikes out swinging
|
Batting: RHB Gil Flores
|
0-0: Ball 1-0: Called Strike 1-1: Ball 2-1: Ball 3-1: Called Strike 3-2: Fly out, F8 (Flyball, 89D, EV 102.5 MPH)
|
Batting: LHB Joe L Morgan
|
0-0: Swinging Strike 0-1: Ball 1-1: Foul Ball, location: 2F 1-2: Ball 2-2: Ball 3-2: SINGLE (Groundball, 4D, EV 99.4 MPH)
|
Batting: SHB Tony Fernandez
|
0-0: Called Strike 0-1: Ball 1-1: SINGLE (Groundball, 34D, EV 103.1 MPH) Joe L Morgan to second Runner from 2nd tries for 3rd, SAFE, throw by RF made to third
|
Batting: LHB Karl Pagel
|
0-0: Ball 1-0: Called Strike 1-1: Foul Ball, location: 2F 1-2: Strikes out swinging
|
Top of the 3rd over - 1 run, 3 hits, 0 errors, 2 left on base; Atlanta 1 - San Francisco 1 |
BOTTOM OF THE 3RD |
San Francisco Giants batting - Pitching for Atlanta Braves : RHP Dick Drago
|
Batting: SHB Larry Reynolds
|
0-0: Foul Ball, location: 2F 0-1: Ball 1-1: Ground out 1-3 (Groundball, 34S, EV 65.6 MPH)
|
Batting: LHB Ken Griffey Sr
|
0-0: Foul Ball, location: 2F 0-1: Fly out, F7 (Flyball, 78S, EV 83.8 MPH)
|
Batting: LHB Keith Hernandez
|
0-0: Ground out 6-3 (Groundball, 6S, EV 84.4 MPH)
|
Bottom of the 3rd over - 0 runs, 0 hits, 0 errors, 0 left on base; Atlanta 1 - San Francisco 1 |
TOP OF THE 4TH |
Atlanta Braves batting - Pitching for San Francisco Giants : LHP Tim Costello
|
Batting: LHB Mike Scioscia
|
0-0: Ball 1-0: Ground out 5-3 (Groundball, 5D, EV 85.0 MPH)
|
Batting: RHB Craig Kusick
|
0-0: Ball 1-0: Ball 2-0: Ball 3-0: Called Strike 3-1: Base on Balls
|
Batting: LHB Mike Hargrove
|
0-0: Ball 1-0: Ball 2-0: Ball 3-0: Called Strike 3-1: SINGLE (Line Drive, 9S, EV 97.5 MPH) Craig Kusick to second Runner from 2nd tries for 3rd, SAFE, no throw by RF
|
Batting: LHB Brent Hillenga
|
0-0: Ball 1-0: Ball 2-0: Ball 3-0: Called Strike 3-1: Swinging Strike 3-2: Strikes out swinging
|
Batting: RHB Dick Drago
|
0-0: Swinging Strike 0-1: Foul Ball, location: 2F 0-2: Foul Ball, location: 2F 0-2: Foul Ball, location: 2F 0-2: Foul Ball, location: 2F 0-2: Ball 1-2: Fielders Choice at 2nd, 5-4 (Groundball, 56, EV 85.6 MPH)
|
Top of the 4th over - 0 runs, 1 hit, 0 errors, 2 left on base; Atlanta 1 - San Francisco 1 |
BOTTOM OF THE 4TH |
San Francisco Giants batting - Pitching for Atlanta Braves : RHP Dick Drago
|
Batting: RHB Phil Bailey
|
0-0: Called Strike 0-1: Foul Ball, location: 2F 0-2: Ball 1-2: Ball 2-2: Ball 3-2: Foul Ball, location: 2F 3-2: Ground out 6-3 (Groundball, 56, EV 97.5 MPH)
|
Batting: RHB Don Slaught
|
0-0: Called Strike 0-1: Ball 1-1: Foul Ball, location: 2F 1-2: Reached on error, E9 (Line Drive, 9, EV 86.9 MPH)
|
Batting: RHB Kevin Howard
|
0-0: Ball 1-0: Fly out, F3 (Popup, 23F, EV 88.8 MPH)
|
Batting: SHB Tyler O'Dell
|
0-0: Ball 1-0: Ball Don Slaught steals 2nd base (no throw) 2-0: Intentional Walk
|
Batting: SHB Larry Milbourne
|
0-0: Ground out 5-3 (Groundball, 5S, EV 70.0 MPH)
|
Bottom of the 4th over - 0 runs, 0 hits, 1 error, 2 left on base; Atlanta 1 - San Francisco 1 |
TOP OF THE 5TH |
Atlanta Braves batting - Pitching for San Francisco Giants : LHP Tim Costello
|
Batting: RHB Gil Flores
|
0-0: Ball 1-0: Foul Ball, location: 2F 1-1: Foul Ball, location: 2F 1-2: Ball 2-2: Fly out, F8 (Flyball, 8LD, EV 96.9 MPH)
|
Batting: LHB Joe L Morgan
|
0-0: Called Strike 0-1: Ball 1-1: Ball 2-1: Called Strike 2-2: Strikes out swinging
|
Batting: SHB Tony Fernandez
|
0-0: Ball 1-0: Called Strike 1-1: Fly out, F8 (Flyball, 8LD, EV 87.5 MPH)
|
Top of the 5th over - 0 runs, 0 hits, 0 errors, 0 left on base; Atlanta 1 - San Francisco 1 |
BOTTOM OF THE 5TH |
San Francisco Giants batting - Pitching for Atlanta Braves : RHP Dick Drago
|
Batting: LHB Tim Costello
|
0-0: Foul Ball, location: 2F 0-1: Ball 1-1: Ball 2-1: Ground out 4-3 (Groundball, 4, EV 84.4 MPH)
|
Batting: SHB Larry Reynolds
|
0-0: Called Strike 0-1: Swinging Strike 0-2: Ball 1-2: Strikes out looking
|
Batting: LHB Ken Griffey Sr
|
0-0: Foul Ball, location: 2F 0-1: Ground out 4-3 (Groundball, 4, EV 90.6 MPH)
|
Bottom of the 5th over - 0 runs, 0 hits, 0 errors, 0 left on base; Atlanta 1 - San Francisco 1 |
TOP OF THE 6TH |
Atlanta Braves batting - Pitching for San Francisco Giants : LHP Tim Costello
|
Batting: LHB Karl Pagel
|
0-0: Foul Ball, location: 2F 0-1: Ball 1-1: Ball 2-1: Foul Ball, location: 2F 2-2: Foul Ball, location: 2F 2-2: Ball 3-2: Base on Balls
|
Batting: LHB Mike Scioscia
|
0-0: Ball 1-0: Swinging Strike 1-1: Fielders Choice at 2nd, 6-4 (Groundball, 6, EV 86.3 MPH)
|
Batting: RHB Craig Kusick
|
0-0: Ball 1-0: Ball 2-0: Ball 3-0: Base on Balls Mike Scioscia to second
|
Batting: LHB Mike Hargrove
|
0-0: Called Strike 0-1: Ball 1-1: Swinging Strike 1-2: Ball 2-2: Foul Ball, location: 2F 2-2: Fly out, F8 (Flyball, 78D, EV 98.1 MPH) Runner from 2nd tags up, SAFE at 3rd with throw by CF
|
Pitching: RHP Dave Frost
|
|
Batting: LHB Brent Hillenga
|
0-0: Fly out, F9 (Flyball, 9S, EV 77.5 MPH)
|
Top of the 6th over - 0 runs, 0 hits, 0 errors, 2 left on base; Atlanta 1 - San Francisco 1 |
BOTTOM OF THE 6TH |
San Francisco Giants batting - Pitching for Atlanta Braves : RHP Dick Drago
|
Batting: LHB Keith Hernandez
|
0-0: Ball 1-0: Fly out, F9 (Flyball, 89M, EV 83.8 MPH)
|
Batting: RHB Phil Bailey
|
0-0: Foul Ball, location: 2F 0-1: Ball 1-1: Ball 2-1: Swinging Strike 2-2: Ball 3-2: Fly out, F7 (Flyball, 7D, EV 107.5 MPH)
|
Batting: RHB Don Slaught
|
0-0: Ball 1-0: Fly out, F7 (Flyball, 78XD, EV 104.4 MPH)
|
Bottom of the 6th over - 0 runs, 0 hits, 0 errors, 0 left on base; Atlanta 1 - San Francisco 1 |
TOP OF THE 7TH |
Atlanta Braves batting - Pitching for San Francisco Giants : RHP Dave Frost
|
Pinch Hitting: LHB Matt Winters
|
0-0: Foul Ball, location: 2F 0-1: Ball 1-1: Ball 2-1: Fly out, F9 (Flyball, 9D, EV 95.0 MPH)
|
Batting: RHB Gil Flores
|
0-0: Foul Ball, location: 2F 0-1: Ball 1-1: Ball 2-1: Ground out 6-3 (Groundball, 6, EV 98.8 MPH)
|
Batting: LHB Joe L Morgan
|
0-0: Called Strike 0-1: Ball 1-1: Ball 2-1: Ball 3-1: Called Strike 3-2: Base on Balls
|
Batting: SHB Tony Fernandez
|
0-0: Fly out, F8 (Flyball, 8LM, EV 91.3 MPH)
|
Top of the 7th over - 0 runs, 0 hits, 0 errors, 1 left on base; Atlanta 1 - San Francisco 1 |
BOTTOM OF THE 7TH |
San Francisco Giants batting - Pitching for Atlanta Braves : RHP Dick Drago
|
Pitching: RHP Charlie Lea
|
|
Batting: RHB Kevin Howard
|
0-0: Fly out, F9 (Line Drive, 9, EV 88.1 MPH)
|
Batting: SHB Tyler O'Dell
|
0-0: Ball 1-0: Ball 2-0: Ball 3-0: Called Strike 3-1: Fly out, F9 (Flyball, 9S, EV 95.6 MPH)
|
Batting: SHB Larry Milbourne
|
0-0: Called Strike 0-1: Ball 1-1: Ball 2-1: Ball 3-1: Foul Ball, location: 2F 3-2: Base on Balls
|
Pinch Hitting: LHB Kevin Christensen
|
0-0: Ball 1-0: Called Strike Larry Milbourne steals 2nd base 1-1: Intentional Walk
|
Batting: SHB Larry Reynolds
|
0-0: Foul Ball, location: 2F 0-1: Ball 1-1: Ball 2-1: Foul Ball, location: 2F 2-2: Ground out U3 (Groundball, 34, EV 104.4 MPH)
|
Bottom of the 7th over - 0 runs, 0 hits, 0 errors, 2 left on base; Atlanta 1 - San Francisco 1 |
TOP OF THE 8TH |
Atlanta Braves batting - Pitching for San Francisco Giants : RHP Dave Frost
|
Pitching: LHP Doug Capilla
|
|
Batting: LHB Karl Pagel
|
0-0: Foul Ball, location: 2F 0-1: SINGLE (Groundball, P, EV 78.8 MPH) (infield hit)
|
Pinch Runner at 1st UL Washington:
|
|
Batting: LHB Mike Scioscia
|
0-0: Ball 1-0: Swinging Strike 1-1: Fly out, F9 (Line Drive, 9D, EV 94.4 MPH)
|
Pitching: RHP Dan O'Brien
|
|
Batting: RHB Craig Kusick
|
0-0: Ball 1-0: Foul Ball, location: 2F 1-1: Fly out, F9 (Flyball, 89S, EV 95.6 MPH)
|
Batting: LHB Mike Hargrove
|
0-0: Ball UL Washington steals 2nd base 1-0: Ball Wild Pitch! UL Washington to third 2-0: Ball 3-0: Called Strike 3-1: Ground out 3-1 (Groundball, 13, EV 81.9 MPH)
|
Top of the 8th over - 0 runs, 1 hit, 0 errors, 1 left on base; Atlanta 1 - San Francisco 1 |
BOTTOM OF THE 8TH |
San Francisco Giants batting - Pitching for Atlanta Braves : RHP Charlie Lea
|
Now at 3B: UL Washington
|
|
Batting: LHB Ken Griffey Sr
|
0-0: Ball 1-0: Fly out, F9 (Flyball, 9, EV 93.1 MPH)
|
Batting: LHB Keith Hernandez
|
0-0: Ball 1-0: Ball 2-0: Fly out, F9 (Flyball, 89M, EV 85.0 MPH)
|
Batting: RHB Phil Bailey
|
0-0: Called Strike 0-1: Foul Ball, location: 2F 0-2: Foul Ball, location: 2F 0-2: Ball 1-2: Foul Ball, location: 2F 1-2: Fly out, F8 (Flyball, 89D, EV 109.4 MPH)
|
Bottom of the 8th over - 0 runs, 0 hits, 0 errors, 0 left on base; Atlanta 1 - San Francisco 1 |
TOP OF THE 9TH |
Atlanta Braves batting - Pitching for San Francisco Giants : RHP Dan O'Brien
|
Batting: LHB Brent Hillenga
|
0-0: Swinging Strike 0-1: Ball 1-1: Ground out 1-3 (Groundball, 13, EV 70.6 MPH)
|
Pinch Hitting: LHB Bobby Murcer
|
0-0: Ball 1-0: Ball 2-0: Ball 3-0: Called Strike 3-1: Called Strike 3-2: Base on Balls
|
Batting: RHB Gil Flores
|
0-0: Called Strike 0-1: SINGLE (Line Drive, 7S, EV 100.0 MPH) Bobby Murcer to second
|
Batting: LHB Joe L Morgan
|
0-0: Ball 1-0: Called Strike 1-1: Swinging Strike 1-2: Ball 2-2: Ball 3-2: Foul Ball, location: 2F 3-2: Foul Ball, location: 2F 3-2: SINGLE (Groundball, 56D, EV 78.1 MPH) (infield hit) Bobby Murcer to third Gil Flores to second
|
Batting: SHB Tony Fernandez
|
0-0: Ball 1-0: Called Strike 1-1: Called Strike 1-2: Foul Ball, location: 2F 1-2: Foul Ball, location: 2F 1-2: SINGLE (Groundball, 56, EV 98.8 MPH) Bobby Murcer scores Gil Flores to third Joe L Morgan to second Runner from 3rd tries for Home, SAFE, throw by LF to home
|
Batting: SHB UL Washington
|
0-0: Called Strike 0-1: Ball 1-1: Foul Ball, location: 2F 1-2: DOUBLE (Line Drive, 9LD, EV 106.9 MPH) Joe L Morgan scores Tony Fernandez to third Runner from 3rd tries for Home, SAFE, throw by RF to trailing runner, SAFE at third!
|
Pitching: RHP Ross Davis
|
|
Batting: LHB Mike Scioscia
|
0-0: Ground out 2-3 (Groundball, 2R, EV 68.8 MPH)
|
Batting: RHB Craig Kusick
|
0-0: Ball 1-0: Ball 2-0: Called Strike 2-1: Swinging Strike 2-2: Strikes out swinging
|
Top of the 9th over - 4 runs, 4 hits, 0 errors, 1 left on base; Atlanta 5 - San Francisco 1 |
BOTTOM OF THE 9TH |
San Francisco Giants batting - Pitching for Atlanta Braves : RHP Charlie Lea
|
Pitching: LHP Scott McGregor
|
|
Batting: RHB Don Slaught
|
0-0: SINGLE (Groundball, 6S, EV 66.9 MPH) (infield hit)
|
Batting: RHB Kevin Howard
|
0-0: Ball 1-0: Ground out U3 (Groundball, 34S, EV 69.4 MPH) Don Slaught to second
|
Batting: SHB Tyler O'Dell
|
0-0: Called Strike 0-1: Swinging Strike 0-2: Foul Ball, location: 2F 0-2: Ball 1-2: Ball 2-2: DOUBLE (Flyball, 8LD, EV 94.4 MPH) Don Slaught scores
|
Batting: SHB Larry Milbourne
|
0-0: Called Strike 0-1: Foul Ball, location: 2F 0-2: Ball 1-2: Ground out 6-3 (Groundball, 6M, EV 79.4 MPH) Tyler O'Dell to third
|
Pinch Hitting: RHB Dickie Thon
|
0-0: Ball 1-0: Foul Ball, location: 2F 1-1: Swinging Strike 1-2: Ball 2-2: Fly out, F9 (Flyball, 89M, EV 83.8 MPH)
|
Bottom of the 9th over - 1 run, 2 hits, 0 errors, 1 left on base; Atlanta 5 - San Francisco 2 |
|